 Dungeon Crawl Stone Soup version 0.28.0 (webtiles) character file.

Game seed: 1809768129036263073

4735 H0rd4k the Thaumaturge (level 10, -1/78 HPs)
             Began as a Deep Elf Hedge Wizard on Feb 15, 2022.
             Was an Initiate of Gozag.
             Slain by a yak (4 damage)
             ... on level 8 of the Dungeon.
             The game lasted 00:27:23 (13408 turns).

H0rd4k the Thaumaturge (Deep Elf Hedge Wizard)     Turns: 13408, Time: 00:27:24

Health: -1/78      AC: 11    Str: 10    XL:     10   Next: 22%
Magic:  18/29      EV: 13    Int: 24    God:    Gozag
Gold:   3252       SH:  0    Dex: 14    Spells: 22/36 levels left

rFire   x . .      SeeInvis +   a - +1 dagger
rCold   . . .      Faith    .   (no shield)
rNeg    . . .      Spirit   .   y - +3 leather armour of Emoukich {rC- Will+ Str+3 SInv}
rPois   .          Reflect  .   c - +1 hat
rElec   .          Harm     .   (no cloak)
rCorr   .          Rampage  .   (no gloves)
Will    ++...                   (no boots)
Stlth   ..........              (no amulet)
HPRegen 0.23/turn               l - +4 ring of protection
MPRegen 0.21/turn               j - ring of ice

@: berserking, silenced, gold aura, very quick
A: no striking features
a: Renounce Religion


You were on level 8 of the Dungeon.
You worshipped Gozag.
Gozag was most pleased with you.
You visited 2 branches of the dungeon, and saw 9 of its levels.
You also visited: Sewer.

You collected 3329 gold pieces.
You paid 77 gold pieces to Gozag.

Inventory:

Hand Weapons
 a - a +1 dagger (weapon)
Missiles
 q - 6 curare-tipped darts
Armour
 c - a +1 hat (worn)
 y - the +3 leather armour of Emoukich (worn) {rC- Will+ Str+3 SInv}
   (You found it on level 6 of the Dungeon)

   Str:       It affects your strength (+3).
   rC:        It makes you vulnerable to cold.
   SInv:      It lets you see invisible.
   Will:      It increases your willpower.
Jewellery
 j - a ring of ice (right hand)
 l - a +4 ring of protection (left hand)
Wands
 n - a wand of digging (4)
Scrolls
 e - 2 scrolls of magic mapping
 i - a scroll of enchant weapon
 s - a scroll of torment {unknown}
 v - a scroll of teleportation {unknown}
Potions
 g - 3 potions of brilliance
 h - a potion of might
 k - 3 potions of curing
 t - a potion of magic
 x - 2 potions of berserk rage


   Skills:
 + Level 1.1 Fighting
 + Level 4.2 Dodging
 + Level 4.8 Stealth
 + Level 13.5 Spellcasting
 + Level 9.0 Conjurations
 + Level 0.7 Hexes
 - Level 1.1 Summonings
 + Level 2.3 Translocations
 + Level 3.6 Fire Magic
 + Level 2.7 Air Magic
 + Level 2.7 Poison Magic
 + Level 1.7 Evocations


You had 22 spell levels left.
You knew the following spells:

 Your Spells              Type           Power      Damage    Failure   Level
a - Magic Dart            Conj           100%       1d8       1%          1
b - Blink                 Tloc           54%        N/A       3%          2
c - Conjure Flame         Conj/Fire      46%        6-21      1%          3
d - Mephitic Cloud        Conj/Pois/Air  39%        N/A       1%          3
e - Sticky Flame          Conj/Fire      46%        2d6       3%          4
f - Slow                  Hex            80%        N/A       3%          1

Your spell library contained the following spells:

 Spells                   Type           Power      Damage    Failure   Level
 Pain                     Necr           64%        1d7       4%          1
 Call Imp                 Summ           21%        N/A       4%          2
 Corpse Rot               Necr/Air       44%        N/A       4%          2
 Ensorcelled Hibernation  Hex/Ice        54%        N/A       6%          2
 Ignite Poison            Fire/Tmut/Pois 26%        N/A       6%          3
 Confusing Touch          Hex            20%        N/A       11%         3
 Ozocubu's Armour         Ice            24%        N/A       16%         3
 Vampiric Draining        Necr           16%        2d7       16%         3
 Animate Dead             Necr           8%         N/A       45%         4
 Dispel Undead            Necr           16%        3d10      45%         4
 Agony                    Necr           16%        N/A       80%         5
 Borgnjor's Vile Clutch   Necr/Erth      8%         N/A       80%         5
 Excruciating Wounds      Necr           8%         N/A       80%         5
 Death Channel            Necr           8%         N/A       100%        6
 Ozocubu's Refrigeration  Ice            12%        4d7       100%        7


Dungeon Overview and Level Annotations

Branches:
Dungeon (8/15)             Temple (1/1) D:4           Sewer (visited)
   Lair: D:8-11

Altars:
Ashenzari
Cheibriados
Dithmenos
Elyvilon
Fedhas
Gozag
Hepliaklqana
Makhleb
Nemelex Xobeh
Okawaru
Ru
Sif Muna
Trog
Uskayaw
Vehumet
Wu Jian
Yredelemnul
Beogh

Shops:
D:4 !   D:6 *

Annotations:
D:1 exclusion: downstairs
D:2 exclusion: downstairs
D:3 Terence
D:4 exclusion: downstairs
D:5 exclusion: 2 downstairs
D:6 1 runed translucent door, exclusion: door, hitsuchi's ghost, novice TrMo
D:7 3 runed translucent doors, exclusions: 3 doors and downstairs, RaderH2O's ghost, novice MiBe
D:8 Maurice


Message History

* * * LOW HITPOINT WARNING * * *
You cannot cast spells when silenced!
There are monsters nearby!
Unknown command.
You cannot cast spells when silenced!
Unknown command.
It was a potion of berserk rage.
A red film seems to cover your vision as you go berserk!
You feel yourself moving faster!
You feel mighty! The yak gores you.
* * * LOW HITPOINT WARNING * * *
You barely miss the yak.
The yak is lightly wounded.
The yak closely misses you. The death yak gores you!
* * * LOW HITPOINT WARNING * * *
Unknown command.
You are too berserk!
Unknown command.
You barely miss the yak.
The yak is lightly wounded.
Unknown command.
You closely miss the yak.
The yak is lightly wounded.
The yak gores you.
* * * LOW HITPOINT WARNING * * *
The death yak gores you.
* * * LOW HITPOINT WARNING * * *
Unknown command.
You are too berserk!
Unknown command.
You are too berserk!
Unknown command.
Okay, then.
You are too berserk!
Unknown command.
The yak misses you. The death yak barely misses you.
You puncture the yak!
The yak is moderately wounded.
The yak gores you.
You die...
Your body crumbles into a pile of gold.

############
#........Y@#
#.########Y#
#.# #Y#
#.###### #.#
#...Y.Y#.... .
#..###Y#.##...
#..# #...#...#
#..###.#.Y....
#.........Y.#.


You could see a death yak and 2 yaks.

Vanquished Creatures
  2 death yaks (D:8)
  Sigmund (D:5)
  3 yaks
  Edmund (D:5)
  2 water moccasins
  2 orc warriors
  2 ice beasts
  A hornet zombie (D:7)
  2 necrophages (D:5)
  A black bear (D:5)
  5 ogres
  2 phantoms
  A kobold brigand (D:6)
  2 bullfrogs (Sewer)
  A gnoll sergeant (D:6)
  2 jellies
  A water moccasin zombie (D:6)
  A wyvern zombie (D:6)
  A scorpion (D:5)
  An electric eel (D:6)
  A centaur zombie (D:7)
  3 hounds
  2 orc priests (D:5)
  A centaur skeleton (D:7)
  An iguana (D:6)
  A scorpion zombie (D:5)
  2 bullfrog skeletons (D:6)
  9 orc wizards
  A killer bee zombie (D:6)
  A howler monkey zombie (D:5)
  4 gnolls (D:6)
  6 adders
  2 shadow imps
  An adder skeleton (D:4)
  6 worms
  2 dart slugs
  28 orcs
  13 ball pythons
  10 endoplasms
  16 giant cockroaches
  8 goblins
  7 hobgoblins
  6 jackals
  12 quokkas
  7 bats
  11 frilled lizards
  10 kobolds
  9 rats
214 creatures vanquished.

Vanquished Creatures (others)
  5 plants (D:6)
5 creatures vanquished.

Grand Total: 219 creatures vanquished

Notes
Turn   | Place    | Note
-------+----------+-------------------------------------------
     0 | D:1      | H0rd4k the Deep Elf Hedge Wizard began the quest for the
                  | Orb.
     0 | D:1      | Reached XP level 1. HP: 10/10 MP: 7/7
   577 | D:1      | Reached skill level 5 in Spellcasting
   577 | D:1      | Reached XP level 2. HP: 15/15 MP: 8/10
  1374 | D:1      | Reached XP level 3. HP: 19/19 MP: 9/12
  1377 | D:1      | Learned a level 2 spell: Blink
  1381 | D:1      | Learned a level 3 spell: Conjure Flame
  1385 | D:1      | Learned a level 3 spell: Mephitic Cloud
  1587 | D:1      | Found a faded altar of an unknown god.
  2867 | D:3      | Reached skill level 1 in Air Magic
  2967 | D:3      | Noticed Terence
  3007 | D:2      | You fall into a shaft and drop 2 floors!
  3010 | D:4      | Found Fifeipn's Distillery.
  3010 | D:4      | Noticed an ice beast
  3023 | D:4      | Found a staircase to the Ecumenical Temple.
  3074 | D:4      | Killed an ice beast
  3075 | D:4      | Reached skill level 6 in Spellcasting
  3075 | D:4      | Reached skill level 1 in Fire Magic
  3075 | D:4      | Reached skill level 1 in Poison Magic
  3075 | D:4      | Reached XP level 4. HP: 5/24 MP: 4/14
  3075 | D:4      | Reached XP level 5. HP: 6/28 MP: 4/15
  3364 | D:4      | Found a glowing drain.
  3364 | D:4      | Noticed a phantom
  3386 | Sewer    | Entered a sewer
  4216 | Sewer    | Reached XP level 6. HP: 32/32 MP: 15/17
  4224 | Sewer    | Reached skill level 7 in Spellcasting
  4575 | D:3      | Reached skill level 1 in Evocations
  4948 | Temple   | Entered the Ecumenical Temple
  5271 | Temple   | Became a worshipper of Gozag Ym Sagoz the Greedy
  5604 | D:3      | Got Sif Muna's Disquisition on Frigorific Darkness
  6138 | D:3      | Reached skill level 8 in Spellcasting
  6138 | D:3      | Reached XP level 7. HP: 37/37 MP: 10/20
  6816 | D:5      | Entered Level 5 of the Dungeon
  7282 | D:5      | Reached skill level 9 in Spellcasting
  7382 | D:5      | Reached skill level 5 in Conjurations
  7678 | D:5      | Reached XP level 8. HP: 42/42 MP: 10/23
  8261 | D:5      | Noticed Edmund
  8343 | D:5      | Killed Edmund
  8639 | D:5      | Noticed Sigmund
  8693 | D:5      | Killed Sigmund
  8694 | D:5      | Reached skill level 10 in Spellcasting
  9545 | D:6      | Found a runed translucent door.
  9737 | D:6      | HP: 1/42 [acid (6)]
  9745 | D:6      | Identified the +9 whip "Dragon's Death Toll" {antimagic,
                  | rPois rF+ Int-2}
 10019 | D:6      | Noticed hitsuchi's ghost (novice TrMo)
 10225 | D:6      | Reached XP level 9. HP: 42/46 MP: 23/25
 10288 | D:6      | HP: 1/46 [yak (9)]
 10320 | D:6      | Reached skill level 11 in Spellcasting
 10822 | D:6      | Identified the +3 leather armour of Emoukich {rC- Will+
                  | Str+3 SInv}
 11088 | D:6      | Found Esoufagh's General Store.
 11826 | D:6      | Learned a level 4 spell: Sticky Flame
 11828 | D:6      | Learned a level 1 spell: Slow
 11868 | D:6      | Reached skill level 1 in Fighting
 11868 | D:6      | Reached skill level 12 in Spellcasting
 12104 | D:7      | Found a bloodstained altar of Trog.
 12193 | D:7      | Found a runed translucent gate.
 12193 | D:7      | Found a runed translucent gate.
 12194 | D:7      | Found a runed translucent gate.
 12194 | D:7      | Noticed RaderH2O's ghost (novice MiBe)
 12197 | D:7      | Identified a scroll of acquirement
 12197 | D:7      | Acquired 1089 gold pieces
 12202 | D:7      | Identified the +0 plate armour "Feilunno" {+Inv Stlth+}
 13009 | D:7      | Acquired 1137 gold pieces
 13048 | D:8      | Noticed Maurice
 13165 | D:8      | Noticed a death yak
 13167 | D:8      | Noticed a death yak
 13180 | D:8      | Killed a death yak
 13181 | D:8      | Reached XP level 10. HP: 52/52 MP: 10/28
 13189 | D:8      | Killed a death yak
 13190 | D:8      | Reached skill level 13 in Spellcasting
 13380 | D:8      | Noticed a death yak
 13406 | D:8      | HP: 3/78 [death yak (3)]
 13408 | D:8      | Slain by a yak

Illustrated notes

Levels and vault maps discovered:
D:1:      dpeg_arrival_refuge, layout_loops_ring, basic_ecumenical_altar
D:2:      layout_basic
D:3:      layout_basic, serial_rivers, chequers_serial_rivers_marsh,
          chequers_serial_rivers_micro_e, chequers_serial_rivers_large_b,
          chequers_serial_rivers_micro_c, chequers_serial_rivers_micro_d,
          chequers_serial_rivers_small_3, nicolae_wormholes, uniq_terence
D:4:      layout_loops_cross, minmay_temple_entry_large_hall,
          portal_sewer_entry_f, serial_shops, nicolae_shop_advertising_works
          [nicolae_subvault_shop_adworks]
D:5:      layout_loops_ring, grunt_ministairs_1, sigmund_edmund_badplayer
D:6:      minmay_skewed_foursquare, layout_gridville, ebering_ghost_sewer_d,
          serial_shops, shop, serial_bayou_pond_b
D:7:      layout_loops_ring, bloody_trog, biasface_ghost_orc_armoury
D:8:      lemuel_insect_pit, layout_loops_ring, dpeg_lair_monsters, uniq_grum,
          uniq_maurice
Temple:   mainiacjoe_temple_trianglar_array

Skill      XL: |  1  2  3  4  5  6  7  8  9 10 |
---------------+-------------------------------+-----
Spellcasting   | 5 6 8 9 10 12 13 | 13.5
Air Magic      | 1 2 |  2.7
Conjurations   | 2 3 5 7 8 9 |  9.0
Fire Magic     | 1 2 3 |  3.6
Poison Magic   | 1 2 |  2.7
Dodging        | 3 4 |  4.2
Stealth        | 3 4 |  4.8
Evocations     | 1 |  1.7
Translocations | 2 |  2.3
Fighting       | 1 |  1.1
Hexes          | |  0.7
Summonings     | |  1.1

Action                   |  1- 3 |  4- 6 |  7- 9 | 10-12 || total
-------------------------+-------+-------+-------+-------++-------
Melee: Dagger            |     7 |       |       |     4 ||    11
 Cast: Magic Dart        |   142 |   231 |   362 |     1 ||   736
       Blink             |     4 |     1 |    17 |     1 ||    23
       Mephitic Cloud    |       |     2 |    24 |     3 ||    29
       Conjure Flame     |       |     1 |    35 |     4 ||    40
       Sticky Flame      |       |       |     2 |     3 ||     5
       Slow              |       |       |     1 |       ||     1
Evoke: Wand              |     7 |     6 |    13 |       ||    26
  Use: Scroll            |       |       |    12 |     3 ||    15
       Potion            |       |       |     3 |     2 ||     5
Armor: Robe              |    11 |    17 |    13 |       ||    41
       Leather armour    |       |       |    11 |       ||    11
Dodge: Dodged            |    33 |    45 |    58 |     4 ||   140
